 Dungeon Crawl Stone Soup version 0.23.0-42-geed6394 (webtiles) character file.

Game seed: 0

41 Borgoz the Skirmisher (level 3, -5/24 HPs)
             Began as a Gargoyle Abyssal Knight on Feb 27, 2019.
             Was a Follower of Lugonu.
             Killed by divine providence
             ... invoked by an orc priest
              (16 damage)
             ... on level 3 of the Dungeon on Feb 28, 2019.
             The game lasted 00:03:19 (2336 turns).

Borgoz the Skirmisher (Gargoyle Abyssal Knight)     Turns: 2336, Time: 00:03:20

Health: -5/24      AC:  7    Str: 15    XL:     3   Next: 52%
Magic:  13/13      EV: 11    Int: 12    God:    Lugonu [*.....]
Gold:   111        SH:  0    Dex: 10    Spells: 2/2 levels left

rFire    . . .     SeeInvis .   a - +1 hand axe
rCold    . . .     Gourm    .   (no shield)
rNeg     + . .     Faith    .   b - +0 leather armour
rPois    ∞         Spirit   .   (no helmet)
rElec    +         Reflect  .   (no cloak)
rCorr    .         Harm     .   m - +0 pair of gloves
MR       .....                  (no boots)
Stlth    +.........             (no amulet)
HPRegen  0.08/turn              i - ring of magical power
MPRegen  0.13/turn              (no ring)

@: no status effects
A: negative energy resistance 1, electricity resistance, unbreathing,
petrification resistance, rot immunity, AC +3
a: Depart the Abyss, Renounce Religion


You were on level 3 of the Dungeon.
You worshipped Lugonu.
Lugonu was aware of your devotion.
You were very hungry.

You visited 1 branch of the dungeon, and saw 3 of its levels.
You visited the Abyss 1 time.

You collected 111 gold pieces.

Inventory:

Hand Weapons
 a - a +1 hand axe (weapon)
Missiles
 f - a throwing net (quivered)
Armour
 b - a +0 leather armour (worn)
 m - a +0 pair of gloves (worn)
Jewellery
 i - a ring of magical power (left hand)
Scrolls
 d - 2 scrolls of enchant armour {unknown}
 g - a scroll of magic mapping {unknown}
 j - 4 scrolls of identify {unknown}
 o - a scroll of teleportation {unknown}
Potions
 e - 2 potions of flight {unknown}
 h - 3 potions of curing
 k - a potion of might {unknown}
 l - a potion of mutation {unknown}
 n - a potion of berserk rage {unknown}
Comestibles
 c - 5 rations


   Skills:
 + Level 4.1 Fighting
 + Level 2.1 Axes
 + Level 3.0 Armour
 + Level 1.0 Dodging
 + Level 2.0 Invocations


You had 2 spell levels left.
You didn't know any spells.
Your spell library was empty.

Dungeon Overview and Level Annotations

Branches:
Dungeon (3/15)

Altars:


Innate Abilities, Weirdness & Mutations

You are resistant to torment.
Your stone body is resilient. (AC +3)
You are immune to poison.
You resist negative energy. (rN+)
You are resistant to electric shocks. (rElec)
You can survive without breathing.
You are immune to petrification.
You are immune to rotting.


Message History

You hear an angry hiss.
The orc priest begins to cast a cantrip, but forgets the words!
You hit the orc priest.
The orc priest is moderately wounded.
The orc priest hits you with a +0 hand axe.
You slash the orc priest!
The orc priest is severely wounded.
You slash the orc!
You kill the orc!
Lugonu accepts your kill. The orc hits you but does no damage.
You hit the orc.
The orc is heavily wounded.
An adder comes into view.
A hobgoblin comes into view. It is wielding a +0 club.
The orc hits you but does no damage.
The orc priest mumbles some strange prayers to Beogh against you.
Beogh smites you!
Ouch! That really hurt!
You die... ### #<# #.# #.# #@# #o# #oo

.o.#
...#
....#
....#
g..$.#


You could see an orc priest, 3 orcs and a hobgoblin.

Vanquished Creatures
  An adder (D:2)
  An ooze (D:1)
  A worm (D:2)
  An orc (D:3)
  3 bats
  A giant cockroach (D:1)
  4 goblins
  6 hobgoblins
  2 kobolds
  2 frilled lizards (D:2)
  A rat (D:1)
23 creatures vanquished.

Notes
Turn   | Place    | Note
-------+----------+-------------------------------------------
     0 | Abyss:1  | Borgoz the Gargoyle Abyssal Knight began the quest for the
                  | Orb.
     0 | Abyss:1  | Reached XP level 1. HP: 14/14 MP: 2/2
    63 | Abyss:1  | Noticed a wretched star
    64 | D:1      | Escaped the Abyss
    95 | D:1      | Upgraded the game from 0.23.0-38-g208d714 to
                  | 0.23.0-42-geed6394
   202 | D:1      | Reached * piety under Lugonu
   305 | D:1      | Reached XP level 2. HP: 16/19 MP: 3/3
  1036 | D:2      | Reached XP level 3. HP: 6/24 MP: 4/4
  1244 | D:2      | Reached skill level 4 in Fighting
  1700 | D:2      | Reached skill level 1 in Dodging
  2336 | D:3      | Killed from afar by an orc priest

Skill      XL: |  1  2  3 |
---------------+----------+-----
Fighting       | 4 |  4.1
Axes           | 2 |  2.1
Armour         | 3 |  3.0
Dodging        | 1 |  1.0
Invocations    | |  2.0

Action                   || total
-------------------------++-------
Melee: Hand axe          ||   107
Invok: Depart the Abyss  ||     1
  Use: Potion            ||     1
  Eat: Chunk             ||     3
Armor: Leather armour    ||    35
Dodge: Dodged            ||    50
